 Dungeon Crawl Stone Soup version 0.28.0-53-g5a82cb258f (webtiles) character file.

Game seed: 1379892513952067527

47 protoss039 the Digger (level 3, 0/27 HPs)
             Began as a Demonspawn Earth Elementalist on June 16, 2022.
             Succumbed to a kobold's poison
             ... on level 2 of the Dungeon.
             The game lasted 00:03:10 (1839 turns).

protoss039 the Digger (DsEE)                        Turns: 1839, Time: 00:03:10

Health: 0/27       AC:  6    Str:  5 (8)  XL:     3   Next: 48%
Magic:  5/6        EV: 10    Int: 15 (18) God:
Gold:   36         SH:  7    Dex: 12 (13) Spells: 0/6 levels left

rFire   . . .      SeeInvis .   d - +0 rapier
rCold   . . .      Faith    .   h - +0 buckler
rNeg    . . .      Spirit   .   e - +0 leather armour
rPois   .          Reflect  .   f - +0 helmet
rElec   .          Harm     .   (no cloak)
rCorr   .          Rampage  .   (no gloves)
Will    .....                   i - +1 pair of boots
Stlth   ++........              (no amulet)
HPRegen 0.09/turn               g - ring of wizardry
MPRegen 0.10/turn               (no ring)

@: lethally poisoned (0 -> -2), weak-willed
A: condensation shield
a: no special abilities


You were on level 2 of the Dungeon.
You visited 1 branch of the dungeon, and saw 2 of its levels.

You collected 36 gold pieces.

Inventory:

Hand Weapons
 d - a +0 rapier (weapon)
 j - a +1 dagger of venom
Missiles
 c - 49 stones
Armour
 e - a +0 leather armour (worn)
 f - a +0 helmet (worn)
 h - a +0 buckler (worn)
 i - a +1 pair of boots (worn)
Jewellery
 g - a ring of wizardry (left hand)
Scrolls
 b - a scroll of amnesia {unknown}


   Skills:
 * Level 1.8 Fighting
 + Level 1.0 Armour
 - Level 1.7 Dodging
 - Level 1.7 Stealth
 + Level 2.3 Spellcasting
 * Level 0.0 Conjurations
 - Level 1.0 Transmutations
 + Level 3.0 Earth Magic


You couldn't memorise any spells.
You knew the following spells:

 Your Spells              Type           Power      Damage    Failure   Level
a - Sandblast             Erth           20%        2d7       6%          1
b - Passwall              Tmut/Erth      5%         N/A       13%         2
c - Stone Arrow           Conj/Erth      12%        3d7       30%         3

Your spell library contained the following spells:

 Spells                   Type           Power      Damage    Failure   Level
 Sting                    Tmut/Pois      12%        1d3       16%         1
 Poisonous Vapours        Pois/Air       2%         N/A       28%         2
 Petrify                  Tmut/Erth      7%         N/A       61%         4
 Olgreb's Toxic Radiance  Pois           1%         N/A       86%         4


Dungeon Overview and Level Annotations

Branches:
Dungeon (2/15)

Altars:

Annotations:
D:2 Sigmund


Innate Abilities, Weirdness & Mutations

A meltable shield of frost defends you. (SH +4)


Message History

You are too injured to fight recklessly!
There is a lethal amount of poison in your body!
You are too injured to fight recklessly!
Casting: Sandblast (safe; 4% risk of failure)
Confirm with . or Enter, or press ? or * to list all spells.
Aiming: Sandblast (safe; 4% risk of failure)
Press: ? - help, Shift-Dir - straight line, f - goblin
Aim: a goblin, wielding a +0 club (74% to hit)
The blast of sand hits the goblin!
You kill the goblin!
You feel very sick.
Unknown command.
It was a potion of degeneration.
There was something very wrong with that liquid.
You feel weakened.
You feel dopey.
You feel clumsy.
* * * LOW HITPOINT WARNING * * *
You feel very sick.
Unknown command.
* * * LOW HITPOINT WARNING * * *
You feel sick.
Things that are here:
a +1 dagger of venom; 3 stones; a scroll labelled MYWIZU GA MAS
j - a +1 dagger of venom;
c - 49 stones (gained 3)
k - a scroll labelled MYWIZU GA MAS
* * * LOW HITPOINT WARNING * * *
You feel sick.
* * * LOW HITPOINT WARNING * * *
You feel sick.
* * * LOW HITPOINT WARNING * * *
You feel sick.
As you read the scroll labelled MYWIZU GA MAS, it crumbles to dust.
Magic quickly surges around you.
It was a scroll of vulnerability.
* * * LOW HITPOINT WARNING * * *
You feel sick.
Unknown command.
You aren't carrying any potions.
As you read the scroll labelled KOQERO USOOLO, it crumbles to dust.
It is a scroll of enchant armour.
Your +0 pair of boots glows green for a moment.
You die...

#.. # ##.. #.# # ... #.#
## ##'## #.# #. ##...##
#.# #. ##.....## ### #.#
#. #.#....)†.## ##.###.#
#.
#..........####...##.####.
.........@.'..............
#..........####...##.#####
..#.......## ##.###.# #
##.....## ### #.# ##.>.##
#.# ##+## ..# ###


There were no monsters in sight!

Vanquished Creatures
  An adder skeleton (D:2)
  2 ball pythons
  5 endoplasms
  2 giant cockroaches
  5 goblins
  3 hobgoblins
  5 kobolds
  A quokka (D:1)
  7 bats (D:1)
  4 frilled lizards (D:1)
  4 rats (D:1)
39 creatures vanquished.

Notes
Turn   | Place    | Note
-------+----------+-------------------------------------------
     0 | D:1      | protoss039 the Demonspawn Earth Elementalist began the
                  | quest for the Orb.
     0 | D:1      | Reached XP level 1. HP: 13/13 MP: 3/3
   266 | D:1      | Reached skill level 1 in Transmutations
   448 | D:1      | You fall into a shaft and drop 1 floor!
   574 | D:2      | Noticed Sigmund
   618 | D:2      | Gained mutation: A meltable shield of frost defends you.
                  | (SH +4) [demonic ancestry]
   618 | D:2      | Reached XP level 2. HP: 20/20 MP: 0/5
   691 | D:1      | Reached skill level 1 in Fighting
  1420 | D:1      | Reached XP level 3. HP: 26/26 MP: 6/6
  1466 | D:1      | Reached skill level 3 in Earth Magic
  1635 | D:1      | Reached skill level 1 in Armour
  1708 | D:1      | Learned a level 2 spell: Passwall
  1712 | D:1      | Learned a level 3 spell: Stone Arrow
  1838 | D:2      | HP: 1/27 [poisoned by a kobold]
  1839 | D:2      | Succumbed to a kobold's poison

Illustrated notes

Levels and vault maps discovered:
D:1:      minmay_arrival_cross, layout_basic
D:2:      layout_loops_corners, roderic_roman_lattice, uniq_sigmund

Skill      XL: |  1  2  3 |
---------------+----------+-----
Transmutations | 1 |  1.0
Fighting       | 1 |  1.8
Earth Magic    | 3 |  3.0
Armour         | 1 |  1.0
Dodging        | |  1.7
Stealth        | |  1.7
Spellcasting   | |  2.3

Action                   || total
-------------------------++-------
Melee: Rapier            ||   132
       Punch             ||     1
 Cast: Sandblast         ||    14
  Use: Scroll            ||     2
       Potion            ||     1
 Stab: Sleeping          ||     2
Armor: Robe              ||     2
       Leather armour    ||    38
Dodge: Dodged            ||   104
Block: Other             ||    21
       Buckler           ||     6
